 Dungeon Crawl Stone Soup version 0.22.0-16-gc6d26f6 (webtiles) character file.

171 Gearfox the Slasher (level 5, -2/41 HPs)
             Began as a Human Skald on Aug 17, 2018.
             Killed by nerve-wracking pain
             ... invoked by an orc priest
              (5 damage)
             ... on level 3 of the Dungeon.
             The game lasted 00:21:33 (2480 turns).

Gearfox the Slasher (Human Skald)                   Turns: 2480, Time: 00:21:34

Health: -2/41      AC:  5    Str: 15    XL:     5   Next: 81%
Magic:  7/8        EV: 11    Int: 14    God:
Gold:   91         SH:  0    Dex: 12    Spells: 7/8 levels left

rFire    . . .     SeeInvis .   a - +2 falchion
rCold    . . .     Gourm    .   (no shield)
rNeg     . . .     Faith    .   k - +0 ring mail
rPois    .         Spirit   .   (no helmet)
rElec    .         Reflect  .   (no cloak)
rCorr    .         Harm     .   (no gloves)
MR       .....                  (no boots)
Stlth    +.........             (no amulet)
HPRegen  0.13/turn              h - ring of flight
MPRegen  0.11/turn              n - +3 ring of strength

@: infused
A: no striking features
a: Evoke Flight


You were on level 3 of the Dungeon.
You were not hungry.

You visited 1 branch of the dungeon, and saw 3 of its levels.

You collected 91 gold pieces.

Inventory:

Hand Weapons
 a - a +2 falchion (weapon)
 f - a cursed -1 dagger
 l - a +0 hunting sling
Missiles
 c - 35 stones (quivered)
Armour
 b - a +2 leather armour
 k - a +0 ring mail (worn)
Jewellery
 h - a ring of flight (left hand)
 n - a +3 ring of strength (right hand)
Wands
 p - a wand of digging (9)
Scrolls
 i - a scroll of amnesia
Potions
 e - 2 potions of heal wounds {unknown}
 g - a potion of resistance {unknown}
 o - 2 potions of might {unknown}
 q - 2 potions of magic {unknown}
Comestibles
 d - 2 rations


   Skills:
 * Level 3.1 Fighting
 * Level 3.8 Long Blades
 + Level 1.9 Armour
 + Level 2.5 Dodging
 - Level 2.0 Spellcasting
 * Level 3.6 Charms


You had 7 spell levels left.
You knew the following spells:

 Your Spells              Type           Power        Failure   Level  Hunger
a - Infusion              Chrm           ##..         11%         1    ##.....

Your spell library contained the following spells:

 Spells                   Type           Power        Failure   Level  Hunger
 Regeneration             Chrm/Necr      #.........   54%         3    ####...
 Shroud of Golubria       Chrm/Tloc      #.........   32%         2    ###....
 Song of Slaying          Chrm           ##......     16%         2    ###....
 Spectral Weapon          Hex/Chrm       #.......     54%         3    ####...


Dungeon Overview and Level Annotations

Branches:
Dungeon (3/15)

Altars:
Fedhas
Kikubaaqudgha
Trog
Uskayaw


Message History

The orc priest barely misses you.
Casting: Infusion (safe; 11% risk of failure)
Confirm with . or Enter, or press ? or * to list all spells.
You begin infusing your attacks with magical energy.
The orc priest invokes the aid of Beogh against you.
Beogh smites you!
The orc priest invokes the aid of Beogh against you.
Pain shoots through your body! The orc priest hits you with a trident.
You closely miss the orc priest. The orc priest hits you with a trident.
* * * LOW HITPOINT WARNING * * *
You hit the orc priest!
The orc priest is heavily wounded.
The orc priest looks braver for a moment.
The orc priest hits you from afar with a trident.
* * * LOW HITPOINT WARNING * * *
The orc priest barely misses you.
The orc priest invokes the aid of Beogh against you.
Pain shoots through your body!
You die...

#####
#########
<....
........#
####..#######
#.#
............#
#.#
##.#..#.###.#
#.. . # #. #.#
#.# #### .. #.
# #.# #.# #)..
#.#.## #.# #.#
###.## ..g..
#@# #.# #.....
... #.# #.#
####.#.#.
..####.#####.#
#.####......#.
...........o.#
#...##.##...#.
.#####.#######
###.##.##...#.
.))
#....##.....
####
###########.
###. ###...


You could see an orc priest.

Vanquished Creatures
  2 vampire bats (D:2)
  Robin (D:2)
  2 adders
  A dart slug (D:2)
  2 leopard geckos (D:1)
  4 bat skeletons (D:2)
  A bat zombie (D:2)
  A giant cockroach (D:1)
  8 hobgoblins
  5 kobolds
  2 quokkas (D:2)
  4 bats
  A frilled lizard (D:2)
  17 goblins
  2 rats (D:1)
53 creatures vanquished.

Notes
Turn   | Place    | Note
-------+----------+-------------------------------------------
     0 | D:1      | Gearfox the Human Skald began the quest for the Orb.
     0 | D:1      | Reached XP level 1. HP: 16/16 MP: 3/3
   174 | D:1      | Reached XP level 2. HP: 10/22 MP: 0/5
   977 | D:1      | Reached XP level 3. HP: 28/28 MP: 6/6
  1297 | D:2      | Reached XP level 4. HP: 20/34 MP: 7/7
  1579 | D:2      | Found a blossoming altar of Fedhas.
  1580 | D:2      | Found a hide-covered altar of Uskayaw.
  1584 | D:2      | Found a bloodstained altar of Trog.
  1696 | D:2      | Found an ancient bone altar of Kikubaaqudgha.
  1707 | D:2      | Reached XP level 5. HP: 30/40 MP: 8/8
  1769 | D:2      | Noticed Robin
  1804 | D:2      | Killed Robin
  2480 | D:3      | Killed from afar by an orc priest

Skill      XL: |  1  2  3  4  5 |
---------------+----------------+-----
Long Blades    | 3 |  3.8
Fighting       | 3 |  3.1
Armour         | |  1.9
Dodging        | |  2.5
Spellcasting   | |  2.0
Charms         | |  3.6

Action                   |  1- 3 |  4- 6 || total
-------------------------+-------+-------++-------
Melee: Falchion          |    86 |    46 ||   132
 Cast: Infusion          |     4 |     2 ||     6
  Use: Scroll            |     5 |     5 ||    10
  Eat: Ration            |     1 |     1 ||     2
       Chunk             |       |     1 ||     1
Armor: Leather armour    |    24 |    35 ||    59
       Ring mail         |       |     2 ||     2
Dodge: Dodged            |    67 |    77 ||   144
       Rpst.: Falchion   |    13 |    26 ||    39
